 Dungeon Crawl Stone Soup version 0.31-a0-236-g9a0961fb85 (webtiles) character file.

Game seed: 10795895302050517706

180 qw the Shooter (level 5, -10/30 HPs)
             Began as a Gargoyle Hexslinger on July 10, 2023.
             Killed by divine providence
             ... invoked by an orc priest
              (12 damage)
             ... on level 5 of the Dungeon.
             The game lasted 00:01:19 (3265 turns).

qw the Shooter (Gargoyle Hexslinger)                Turns: 3265, Time: 00:01:19

Health: -10/30     AC: 12    Str: 11    XL:     5   Next: 60%
Magic:  6/6        EV: 10    Int: 14    God:
Gold:   271        SH:  5    Dex: 20    Spells: 5/6 levels left

rFire   . . .        Y - +2 sling
rCold   . . .        (no shield)
rNeg    + . .        h - +0 ring mail
rPois   inf          (no helmet)
rElec   +            k - +0 cloak
rCorr   .            d - +1 pair of gloves {infuse}
SInv    +            (no boots)
Will    .....        n - amulet of reflection
Stlth   +            e - ring of see invisible
HPRegen 0.25/turn    l - +6 ring of dexterity
MPRegen 0.10/turn

%: reflection, infuse magic (1 MP)
@: no status effects
A: sickness immunity, AC +4, negative energy resistance 1, electricity
resistance, torment resistance 1, petrification resistance
a: no special abilities


You were on level 5 of the Dungeon.
You visited 1 branch of the dungeon, and saw 5 of its levels.

You collected 271 gold pieces.


Innate Abilities, Weirdness & Mutations

You are immune to sickness and miasma.
Your stone body is resilient. (AC +4)
You are immune to poison.
You resist negative energy. (rN+)
You are resistant to electric shocks. (rElec)
You are resistant to unholy torment.
You are immune to petrification.


   Skills:
 + Level 2.2 Fighting
 - Level 5.0 Ranged Weapons
 - Level 1.6 Armour
 - Level 1.5 Dodging
 - Level 1.0 Spellcasting
 - Level 2.6 Hexes


You had 5 spell levels left.
You knew the following spells:

 Your Spells              Type           Power      Damage    Failure   Level
a - Slow                  Hex            32%        N/A       21%         1

Your spell library contained the following spells:

 Spells                   Type           Power      Damage    Failure   Level
 Inner Flame              Hex/Fire       4%         N/A       71%         3
 Portal Projectile        Hex/Tloc       8%         N/A       71%         3
 Cause Fear               Hex            4%         N/A       90%         4

Inventory:

Hand Weapons
 Y - a +2 sling (weapon)
Armour
 d - a +1 pair of gloves of infusion (worn)
 h - a +0 ring mail (worn)
 k - a +0 cloak (worn)
Jewellery
 e - a ring of see invisible (left hand)
 j - a ring of protection from cold
 l - a +6 ring of dexterity (right hand)
 n - an amulet of reflection (around neck)
Scrolls
 f - a scroll of identify
Potions
 b - 2 potions of might
 c - a potion of heal wounds {unknown}
 i - a potion of curing

Dungeon Overview and Level Annotations

Branches:
Dungeon (5/15)
 Temple: D:4-7

Altars:
Nemelex Xobeh

Annotations:
D:3 1 runed translucent door, Crazy Yiuf


Message History

You kill the orc!
The orc barely misses you. The orc priest closely misses you.
The black bear bites you but does no damage.
The black bear claws you. You block the black bear's attack.
You block the orc priest's attack. The black bear closely misses you.
The black bear claws you but does no damage. x2
The orc hits you but does no damage.
You shoot a sling bullet. The sling bullet hits the black bear.
The black bear is heavily wounded.
The black bear barely misses you. You block the black bear's attack.
The black bear claws you but does no damage.
The orc hits you but does no damage.
You shoot a sling bullet.
The sling bullet barely misses the black bear.
The sling bullet hits the orc priest.
The orc priest is moderately wounded.
The worm misses you. The orc hits you but does no damage.
The black bear bites you but does no damage.
The black bear claws you but does no damage.
The black bear claws you.
You shoot a sling bullet. The sling bullet hits the black bear!
The black bear is severely wounded.
The orc closely misses you.
The black bear goes berserk!
The worm misses you. The orc hits you but does no damage.
The black bear bites you! You block the black bear's attack.
The black bear claws you but does no damage.
The orc priest closely misses you. The orc hits you but does no damage.
You shoot a sling bullet. The sling bullet hits the black bear.
The black bear is severely wounded.
You block the black bear's attack. x2; The black bear claws you.
The orc priest hits you with a +0 club. The orc hits you but does no damage.
The orc hits you with a +0 club. The worm barely misses you.
You shoot a sling bullet. The sling bullet hits the black bear.
The black bear is almost dead.
You block the black bear's attack. x3; The black bear barely misses you.
The black bear closely misses you. The black bear claws you.
The orc hits you but does no damage.
The orc priest calls down the wrath of Beogh upon you.
Beogh smites you!
You die...

### ########## ...
####.....>...
#####.###..?......#
..........>...oo..###.
#........##.#@ho.....
#.#####<.##.#wo..###.
#..##.#.#..#
#.....<....# #........
.# #.###.#.#... ...
...... ## ... .......
..# ..


You could see a black bear (berserk), a worm, an orc priest and 3 orcs.

Vanquished Creatures
  A hound (D:4)
  3 gnolls (D:3)
  4 adders
  2 worms (D:2)
  2 dart slugs
  An orc (D:5)
  6 endoplasms
  2 giant cockroaches (D:3)
  4 goblins
  10 hobgoblins
  4 jackals (D:4)
  5 kobolds
  5 quokkas
  12 ball pythons
  6 bats
  5 rats
72 creatures vanquished.

Notes
Turn   | Place    | Note
-------+----------+-------------------------------------------
     0 | D:1      | qw the Gargoyle Hexslinger began the quest for the Orb.
     0 | D:1      | Reached XP level 1. HP: 12/12 MP: 2/2
     0 | D:1      | 0 ||| qw: Version: 0.3-a-52-g30416fa
     0 | D:1      | 0 ||| qw: Game counter: 4754
     0 | D:1      | 0 ||| qw: Melee chars always use a shield: true
     0 | D:1      | 0 ||| qw: God list: Okawaru
     0 | D:1      | 0 ||| qw: Allow faded altars: false
     0 | D:1      | 0 ||| qw: Do Orc after clearing Dungeon:15 true
     0 | D:1      | 0 ||| qw: Do second Lair branch before Depths: true
     0 | D:1      | 0 ||| qw: Lair rune preference: random
     0 | D:1      | 0 ||| qw: Goals: Normal
     0 | D:1      | 0 ||| PLANNING D:1-11
   208 | D:1      | Reached XP level 2. HP: 16/16 MP: 3/3
   332 | D:1      | Reached skill level 3 in Ranged Weapons
   386 | D:1      | 386 ||| FLEEEEING.
   387 | D:1      | 387 ||| FLEEEEING.
   390 | D:1      | 390 ||| FLEEEEING.
   391 | D:1      | 391 ||| FLEEEEING.
   392 | D:1      | 392 ||| FLEEEEING.
   548 | D:1      | 548 ||| READING scroll labelled YNIAGI RAUMIT.
   549 | D:1      | 549 ||| READING scroll labelled OQAMPU SOOTHU.
   550 | D:1      | 550 ||| READING 2 scrolls labelled TOJATE ANEWOB.
   551 | D:1      | 551 ||| READING scroll labelled TIESTR LAECH.
   652 | D:1      | 652 ||| READING scroll labelled MUGAEFATYSO.
   656 | D:1      | 656 ||| DROPPING scroll of poison.
   722 | D:2      | Found a faded altar of an unknown god.
   914 | D:2      | Reached XP level 3. HP: 21/21 MP: 4/4
  1433 | D:2      | 1433 ||| UPGRADING to ring of protection from cold.
  1434 | D:2      | 1434 ||| READING scroll labelled ACSAAP AXTYOSA.
  1435 | D:2      | 1435 ||| READING scroll labelled BOCUWAMPYU.
  1435 | D:2      | Identified a scroll of acquirement
  1435 | D:2      | 1435 ||| ACQUIRING +1 pair of gloves of infusion
  1435 | D:2      | Acquired a +1 pair of gloves of infusion
  1437 | D:2      | 1437 ||| UPGRADING to +1 pair of gloves of infusion.
  1442 | D:2      | 1442 ||| DRINKING 2 bubbling yellow potions.
  1443 | D:2      | 1443 ||| DRINKING 2 lumpy inky potions.
  1447 | D:2      | 1447 ||| DROPPING potion of ambrosia.
  1498 | D:3      | Reached XP level 4. HP: 26/26 MP: 5/5
  1526 | D:3      | Found a sparkling altar of Nemelex Xobeh.
  1541 | D:3      | HP: 3/26 [gnoll/+0 halberd (6)]
  1542 | D:3      | 1542 ||| READING scroll of teleportation.
  1691 | D:3      | Reached skill level 4 in Ranged Weapons
  1747 | D:3      | Found a runed translucent door.
  1748 | D:3      | Noticed Crazy Yiuf
  1977 | D:3      | 1977 ||| FLEEEEING.
  1978 | D:3      | 1978 ||| FLEEEEING.
  1979 | D:3      | 1979 ||| FLEEEEING.
  1980 | D:3      | 1980 ||| FLEEEEING.
  1981 | D:3      | 1981 ||| FLEEEEING.
  1982 | D:3      | 1982 ||| FLEEEEING.
  1983 | D:3      | 1983 ||| FLEEEEING.
  1984 | D:3      | 1984 ||| FLEEEEING.
  1985 | D:3      | 1985 ||| FLEEEEING.
  2300 | D:3      | 2300 ||| UPGRADING to +0 ring mail.
  2310 | D:3      | 2310 ||| DROPPING +0 robe.
  2311 | D:3      | 2311 ||| UPGRADING to +0 cloak.
  2316 | D:3      | 2316 ||| UPGRADING to +6 ring of dexterity.
  2317 | D:3      | 2317 ||| READING scroll labelled MISYTZAQAG.
  2318 | D:3      | 2318 ||| READING 2 scrolls labelled MEMINO CUNKU.
  2319 | D:3      | 2319 ||| READING 4 scrolls of identify.
  2319 | D:3      | 2319 ||| IDENTIFYING fuming inky potion
  2320 | D:3      | 2320 ||| READING 3 scrolls of identify.
  2320 | D:3      | 2320 ||| IDENTIFYING bubbling white potion
  2321 | D:3      | 2321 ||| DROPPING potion of degeneration.
  2322 | D:3      | 2322 ||| DROPPING scroll of butterflies.
  2375 | D:4      | Reached skill level 1 in Armour
  2375 | D:4      | Reached XP level 5. HP: 28/30 MP: 6/6
  2648 | D:4      | Reached skill level 5 in Ranged Weapons
  2997 | D:4      | 2997 ||| UPGRADING to amulet of reflection.
  3002 | D:4      | 3002 ||| UPGRADING to ring of see invisible.
  3004 | D:4      | 3004 ||| READING scroll labelled BED BIX XUO.
  3005 | D:4      | 3005 ||| READING scroll labelled NUCROS EVVOR.
  3006 | D:4      | 3006 ||| READING 2 scrolls of identify.
  3006 | D:4      | 3006 ||| IDENTIFYING white potion
  3007 | D:4      | 3007 ||| DROPPING potion of brilliance.
  3048 | D:4      | 3048 ||| STAIRDANCE
  3240 | D:5      | Entered Level 5 of the Dungeon
  3250 | D:5      | Noticed a black bear
  3264 | D:5      | HP: 5/30 [orc/+0 club (3)]
  3265 | D:5      | HP: 2/30 [black bear (3)]
  3265 | D:5      | Killed from afar by an orc priest

Levels and vault maps discovered:
D:1:      scummos_arrival_hexagon, layout_basic
D:2:      minmay_angry_zag, layout_loops_ring,
          hellmonk_ecumenical_altar_lost_god, minmay_misc_feat_iff
D:3:      layout_loops_cross, mainiacjoe_overflow_24_doors,
          uniq_crazy_yiuf_cottage
D:4:      layout_basic
D:5:      minmay_chambers_of_threes, layout_loops_ring, minitemple,
          minmay_diced_spiral

Skill      XL: |  1  2  3  4  5 |
---------------+----------------+-----
Ranged Weapons | 3 4 5 |  5.0
Fighting       | 2 |  2.2
Armour         | 1 |  1.6
Dodging        | |  1.5
Spellcasting   | |  1.0
Hexes          | |  2.6

Action                     |  1- 3 |  4- 6 || total
---------------------------+-------+-------++-------
   Fire: Sling             |   125 |   160 ||   285
    Use: Scroll            |     7 |     8 ||    15
         Potion            |     2 |       ||     2
 Armour: Robe              |    16 |     8 ||    24
         Ring mail         |       |    49 ||    49
  Dodge: Dodged            |    45 |    70 ||   115
  Block: Other             |       |    15 ||    15

Table legend:
 A = Non-vault XP
 B = Vault XP
 C = Vault XP percentage of total XP
 D = Non-vault monster count
 E = Vault monster count
 F = Vault count percentage of total count
                 A         B        C        D         E       F
            +---------+---------+-------+---------+---------+-------
      Total |     232 |      26 |  10.1 |      65 |       7 |   9.7
            +---------+---------+-------+---------+---------+-------
        D:1 |      25 |       0 |   0.0 |      16 |       0 |   0.0
        D:2 |      28 |      26 |  48.1 |      13 |       7 |  35.0
        D:3 |      79 |       0 |   0.0 |      16 |       0 |   0.0
        D:4 |      97 |       0 |   0.0 |      19 |       0 |   0.0
        D:5 |       3 |       0 |   0.0 |       1 |       0 |   0.0
            +---------+---------+-------+---------+---------+-------
